 Dungeon Crawl Stone Soup version 0.28.0-47-ge53b351184 (webtiles) character file.

Game seed: 16237403088736698597

92 issech the Cudgeller (level 4, 0/44 HPs)
             Began as a Troll Monk on May 9, 2022.
             Slain by a water moccasin (1 damage)
             ... on level 3 of the Dungeon.
             The game lasted 00:05:27 (1686 turns).

issech the Cudgeller (Troll Monk)                   Turns: 1686, Time: 00:05:27

Health: 0/44       AC:  4    Str: 19    XL:     4   Next: 35%
Magic:  3/3        EV: 10    Int: 10    God:
Gold:   68         SH:  0    Dex: 14    Spells: 3/3 levels left

rFire   . . .      SeeInvis .   s - +4 spear of Desertification {elec, rN+ Int+4}
rCold   . . .      Faith    .   (no shield)
rNeg    + . .      Spirit   .   b - +0 robe
rPois   .          Reflect  .   (helmet restricted)
rElec   .          Harm     .   (no cloak)
rCorr   .          Rampage  .   (gloves unavailable)
Will    .....                   (boots unavailable)
Stlth   ++........              (no amulet)
HPRegen 0.94/turn               (no ring)
MPRegen 0.08/turn               (no ring)

@: lethally poisoned (0 -> -2), attractive
A: large, unfitting armour, claws 3, regeneration 1, shaggy fur 1, tough skin 1
a: no special abilities


You were on level 3 of the Dungeon.
You visited 1 branch of the dungeon, and saw 3 of its levels.

You collected 68 gold pieces.

Inventory:

Hand Weapons
 a - a +0 mace
 s - the +4 spear of Desertification (weapon) {elec, rN+ Int+4}
   (You found it on level 2 of the Dungeon)

   It occasionally discharges a powerful burst of electricity upon striking a
   foe.
   Int:       It affects your intelligence (+4).
   rN:        It protects you from negative energy.
Missiles
 f - 12 arrows
 g - 75 stones
 p - 5 large rocks (quivered)
Armour
 b - a +0 robe (worn)
Magical Staves
 k - a staff of earth
Scrolls
 c - a scroll of summoning {unknown}
 e - a scroll of enchant weapon {unknown}
 h - a scroll of vulnerability {unknown}
 l - a scroll of blinking {unknown}
 m - 2 scrolls of teleportation {unknown}
 n - a scroll of identify {unknown}
 o - a scroll of noise {unknown}
 q - a scroll of fear {unknown}
Potions
 d - a potion of lignification {unknown}
 i - a potion of attraction
 j - a potion of brilliance {unknown}
 r - a potion of ambrosia {unknown}


   Skills:
 + Level 2.9 Fighting
 + Level 3.5 Maces & Flails
 + Level 3.2 Dodging
 + Level 1.2 Stealth


You had 3 spell levels left.
You didn't know any spells.
Your spell library contained the following spells:

 Spells                   Type           Power      Damage    Failure   Level
 Ensorcelled Hibernation  Hex/Ice        0%         N/A       50%         2
 Passwall                 Tmut/Erth      0%         N/A       50%         2
 Spider Form              Tmut/Pois      0%         N/A       75%         3
 Swiftness                Air            0%         N/A       75%         3
 Anguish                  Hex/Necr       0%         N/A       98%         4


Dungeon Overview and Level Annotations

Branches:
Dungeon (3/15)

Altars:


Innate Abilities, Weirdness & Mutations

You are too large for most types of armour.
You have claws for hands.
Your natural rate of healing is unusually fast.
You are covered in fur. (AC +1)
You have tough skin. (AC +1)


Message History

You feel sick. The water moccasin bites you!
The water moccasin barely misses you.
You hit the water moccasin.
The water moccasin is heavily wounded.
You feel sick. The water moccasin bites you!
* * * LOW HITPOINT WARNING * * *
You feel sick.
You feel sick.
The water moccasin bites you but does no damage.
You feel sick.
You feel sick.
The water moccasin bites you but does no damage.
You feel sick.
You are no longer poisoned.
The water moccasin closely misses you. The water moccasin bites you.
* * * LOW HITPOINT WARNING * * *
You are poisoned.
The water moccasin poisons you!
You closely miss the water moccasin.
The water moccasin is moderately wounded.
You feel very sick. The water moccasin bites you.
* * * LOW HITPOINT WARNING * * *
You miss the water moccasin.
The water moccasin is moderately wounded.
* * * LOW HITPOINT WARNING * * *
You feel very sick. The water moccasin bites you.
* * * LOW HITPOINT WARNING * * *
The water moccasin bites you.
* * * LOW HITPOINT WARNING * * *
Okay, then.
Okay, then.
It was a potion of attraction.
You feel attractive to monsters.
* * * LOW HITPOINT WARNING * * *
You feel very sick. The water moccasin bites you.
You die...

#........# # ######........#
#. #.)..'........# #.###
#.####........# #..>##
#....'......... #.#..##
###.####.........
####.#...####.#.....#......#.
#.............###...#...#....
#.##.#........@S.............
##......##..#.####............
#<......#####.####'#####.#.#.#
#...#...##.................#
#...#...##....##.....###.#
#....................+
#.#+#...##..#.##.....# #..
...###..#.##.#####
............#+##+#


You could see a water moccasin.

Vanquished Creatures
  A gnoll (D:1)
  4 adders (D:2)
  2 worms (D:2)
  3 ball pythons (D:1)
  3 bats
  4 endoplasms
  2 giant cockroaches
  3 goblins
  3 hobgoblins
  5 jackals
  A quokka (D:2)
  2 frilled lizards (D:1)
  A kobold (D:1)
  5 rats (D:1)
39 creatures vanquished.

Notes
Turn   | Place    | Note
-------+----------+-------------------------------------------
     0 | D:1      | issech the Troll Monk began the quest for the Orb.
     0 | D:1      | Reached XP level 1. HP: 22/22 MP: 0/0
   396 | D:1      | Reached XP level 2. HP: 19/29 MP: 1/1
   512 | D:1      | Reached XP level 3. HP: 36/36 MP: 2/2
  1343 | D:2      | Reached XP level 4. HP: 44/44 MP: 3/3
  1464 | D:2      | Identified the +4 spear of Desertification {elec, rN+
                  | Int+4}
  1664 | D:3      | Noticed a water moccasin
  1686 | D:3      | HP: 1/44 [poisoned by a water moccasin]
  1686 | D:3      | Slain by a water moccasin

Illustrated notes

Levels and vault maps discovered:
D:1:      nicolae_arrival_washed_ashore, layout_basic
D:2:      layout_loops_ring
D:3:      layout_basic, trog_butcher_becter, nicolae_dithmenos_the_darkroom,
          fiery_altar_vehumet, ebering_ecumenical_altar_abandoned, minivault_27

Skill      XL: |  1  2  3 |
---------------+----------+-----
Maces & Flails | 3 |  3.5
Dodging        | 3 |  3.2
Fighting       | |  2.9
Stealth        | |  1.2

Action                   |  1- 3 |  4- 6 || total
-------------------------+-------+-------++-------
Melee: Mace              |   124 |    14 ||   138
       Spear             |       |     9 ||     9
Throw: Stone             |     4 |       ||     4
  Use: Potion            |       |     1 ||     1
 Stab: Sleeping          |     2 |       ||     2
Armor: Robe              |    44 |     8 ||    52
Dodge: Dodged            |    90 |     8 ||    98
